 Dungeon Crawl Stone Soup version 0.29-a0-1016-g236c7fd91e (webtiles) character file.

Game seed: 15490569740452394253

1739 flotson the Trooper (level 8, 0/64 HPs)
             Began as a Demonspawn Delver on Aug 10, 2022.
             Was an Initiate of Gozag.
             Slain by an acid dragon (14 damage)
             ... on level 8 of the Dungeon.
             The game lasted 00:13:09 (11702 turns).

flotson the Trooper (Demonspawn Delver)            Turns: 11702, Time: 00:13:09

Health: 0/64       AC:  0    Str: 14    XL:     8   Next: 77%
Magic:  8/8        EV: 13    Int: 13    God:    Gozag
Gold:   298        SH:  0    Dex: 16    Spells: 7/7 levels left

rFire   . . .      SeeInvis .   b - +2 trident (vorpal)
rCold   x . .      Faith    .   (no shield)
rNeg    + . .      Spirit   .   h - +0 scale mail
rPois   .          Reflect  .   w - +0 helmet
rElec   .          Harm     .   (no cloak)
rCorr   .          Rampage  .   (no gloves)
Will    .....                   (no boots)
Stlth   +.........              t - amulet of magic regeneration
HPRegen 0.20/turn               r - ring "Coqosit" {Fly rC- rN+ Dex+2}
MPRegen 0.62/turn               (no ring)

@: corroded, flying
A: hooves 2, repulsion field 1, magic regeneration
a: Renounce Religion, Potion Petition, Call Merchant, Bribe Branch


You were on level 8 of the Dungeon.
You worshipped Gozag.
Gozag was aware of your devotion.
You visited 2 branches of the dungeon, and saw 9 of its levels.

You collected 389 gold pieces.
You paid 91 gold pieces to Gozag.

Inventory:

Hand Weapons
 a - a +2 hand axe of venom
 b - a +2 vorpal trident (weapon)
 x - a +0 trident of flaming
Missiles
 z - 5 throwing nets (quivered)
 B - 2 poisoned darts
 D - 2 javelins
 I - a curare-tipped dart
Armour
 h - a +0 scale mail (worn)
 w - a +0 helmet (worn)
Jewellery
 r - the ring "Coqosit" (left hand) {Fly rC- rN+ Dex+2}
   (You found it on level 3 of the Dungeon)

   [ring of flight]

   Dex:       It affects your dexterity (+2).
   rC:        It makes you vulnerable to cold.
   rN:        It protects you from negative energy.
   Fly:       It grants you flight.
 t - an amulet of magic regeneration (around neck)
 H - a ring of ice
Wands
 g - a wand of digging (2)
 E - a wand of charming (10)
Scrolls
 c - a scroll of fear
 d - 3 scrolls of teleportation
 i - a scroll of enchant armour {unknown}
 j - 4 scrolls of identify {unknown}
 k - a scroll of silence {unknown}
 n - 2 scrolls of amnesia {unknown}
 o - 2 scrolls of magic mapping
 v - a scroll of poison {unknown}
 y - a scroll of torment {unknown}
 A - a scroll of immolation {unknown}
 G - a scroll of fog
Potions
 e - a potion of brilliance {unknown}
 f - a potion of degeneration {unknown}
 l - 2 potions of magic {unknown}
 m - 2 potions of invisibility {unknown}
 p - 2 potions of curing {unknown}
 q - 2 potions of might {unknown}
 s - 2 potions of lignification {unknown}
 u - 3 potions of flight {unknown}
 C - a potion of mutation {unknown}
 F - a potion of attraction {unknown}


   Skills:
 + Level 6.0 Fighting
 + Level 2.3 Axes
 + Level 3.2 Throwing
 + Level 4.5 Armour
 + Level 5.0 Dodging
 - Level 4.5 Stealth
 + Level 5.0 Evocations


You had 7 spell levels left.
You didn't know any spells.
Your spell library contained the following spells:

 Spells                   Type           Power      Damage    Failure   Level
 Apportation              Tloc           0%         N/A       77%         1
 Foxfire                  Conj/Fire      0%         2x1d4     77%         1
 Necrotise                Necr           0%         1d4       77%         1
 Shock                    Conj/Air       0%         1d3       77%         1
 Summon Small Mammal      Summ           0%         N/A       77%         1
 Conjure Flame            Conj/Fire      0%         6-21      98%         3
 Dazzling Flash           Conj/Hex       0%         N/A       98%         3
 Frozen Ramparts          Ice            0%         1d1       98%         3
 Gell's Gravitas          Tloc           0%         N/A       98%         3
 Inner Flame              Hex/Fire       0%         N/A       98%         3
 Lesser Beckoning         Tloc           0%         N/A       98%         3
 Swiftness                Air            0%         N/A       98%         3
 Teleport Other           Tloc           0%         N/A       98%         3
 Airstrike                Air            0%         2d(0-16)  100%        4
 Dispel Undead            Necr           0%         3d6       100%        4
 Flame Wave               Conj/Fire      0%         2d4       100%        4
 Ice Form                 Ice/Tmut       0%         N/A       100%        4
 Iskenderun's Mystic Bla  Conj/Tloc      0%         2d3       100%        4
 Summon Ice Beast         Ice/Summ       0%         N/A       100%        4
 Death Channel            Necr           0%         N/A       100%        6
 Starburst                Conj/Fire      0%         6d3       100%        6
 Corpse Rot               Necr/Pois/Air  Unusable   N/A       N/A         4

Dungeon Overview and Level Annotations

Branches:
Dungeon (8/15)             Temple (1/1) D:7
   Lair: D:8-11

Altars:
Gozag
Makhleb

Shops:
D:2 =   D:3 =

Annotations:
D:5 Menkaure


Innate Abilities, Weirdness & Mutations

You have hoof-like feet.
You are surrounded by a mild repulsion field. (EV +2)
You regenerate magic rapidly.


Message History

You barely miss the acid dragon. Your kick misses the acid dragon.
The acid dragon bites you. The acid dragon claws you.
The acid dragon bites you but does no damage.
The acid dragon completely misses you.
You completely miss the acid dragon. Your kick misses the acid dragon.
The acid dragon misses you.
The acid dragon claws you but does no damage.
You hit the acid dragon.
The acid dragon is lightly wounded.
The acid dragon spits acid at you. The splash of acid hits you.
The acid corrodes you!
You hit the acid dragon.
You kick the acid dragon, but do no damage.
The acid dragon is moderately wounded.
The acid dragon bites you but does no damage.
The acid dragon claws you. The acid dragon closely misses you.
The acid dragon claws you.
You hit the acid dragon. Your kick misses the acid dragon.
The acid dragon is heavily wounded.
The acid dragon barely misses you. x2
You hit the acid dragon. You kick the acid dragon.
The acid dragon is severely wounded.
The acid dragon bites you but does no damage.
The acid dragon claws you.
You hit the acid dragon.
The acid dragon is almost dead.
The acid dragon completely misses you. The acid dragon misses you.
You hit the acid dragon.
The acid dragon is almost dead.
The acid dragon misses you. x2
The acid dragon spits acid at you. The splash of acid hits you!!
* * * LOW HITPOINT WARNING * * *
The acid corrodes you!
You hit the acid dragon but do no damage.
Your kick misses the acid dragon.
The acid dragon is almost dead.
The acid dragon bites you!
You die...
Your body crumbles into a pile of gold.

#######.######.#.##.# #.#
.......>....##.#.##.# #.#
#####.#####.##.#.##.#######.#
#.<.. .##.##......#.......#
#...##.##...)#.####.#######
##...##.##.##.#.####>## #
....##.#####.........#
.#.##..##.#.# #...####..#
........#.#.# #.@.####..#
.###......#.###D........#
#...#............#######
.#.###.......###.......
.......#..<..# #.#####.
............####.#
...###.........#.# #.
#.###..##.#.# # #......##.#..


You could see an acid dragon (catching breath).

Vanquished Creatures
  An orc warrior (D:7)
  A black bear (D:5)
  An ogre (D:6)
  A centaur (D:5)
  A kobold brigand (D:8)
  3 bullfrogs
  2 gnoll sergeants (D:7)
  4 wights (D:7)
  2 howler monkeys
  2 hounds (D:4)
  A jelly (D:6)
  2 orc priests
  A gnoll bouda (D:5)
  3 iguanas
  An orc wizard (D:6)
  Robin (D:3)
  10 adders
  17 gnolls
  A shadow imp (D:6)
  2 white imps
  5 dart slugs
  14 orcs
  7 ball pythons
  3 bats
  11 endoplasms
  5 giant cockroaches
  16 goblins
  10 hobgoblins
  13 kobolds
  3 quokkas
  6 frilled lizards
  2 rats (D:3)
152 creatures vanquished.

Vanquished Creatures (others)
  An orc wizard (D:6)
  6 plants (D:2)
7 creatures vanquished.

Grand Total: 159 creatures vanquished

Notes
Turn   | Place    | Note
-------+----------+-------------------------------------------
     0 | D:5      | flotson the Demonspawn Delver began the quest for the Orb.
     0 | D:5      | Reached XP level 1. HP: 18/18 MP: 1/1
     9 | D:5      | Noticed Menkaure
   131 | D:5      | Noticed a hound
   641 | D:4      | Gained mutation: You are surrounded by a mild repulsion
                  | field. (EV +2) [demonic ancestry]
   641 | D:4      | Reached XP level 2. HP: 15/24 MP: 2/2
   807 | D:3      | Reached skill level 1 in Evocations
  1022 | D:2      | Reached skill level 1 in Armour
  1025 | D:2      | Gained mutation: You have large cloven feet. [demonic
                  | ancestry]
  1025 | D:2      | Reached XP level 3. HP: 16/29 MP: 3/3
  2106 | D:2      | Reached XP level 4. HP: 35/35 MP: 4/4
  2179 | D:2      | Found Hakut's Jewellery Shoppe.
  2851 | D:3      | Found a faded altar of an unknown god.
  2853 | D:3      | Found Bamet's Jewellery Boutique.
  2978 | D:3      | Identified the ring "Coqosit" {Fly rC- rN+ Dex+2}
  3502 | D:3      | Noticed Robin
  3513 | D:3      | Reached XP level 5. HP: 13/42 MP: 5/5
  3586 | D:3      | HP: 2/42 [poisoned by an orc]
  3735 | D:3      | Killed Robin
  4115 | D:4      | Reached skill level 4 in Fighting
  4768 | D:4      | Gained mutation: You have hoof-like feet. [demonic
                  | ancestry]
  4768 | D:4      | Reached XP level 6. HP: 44/48 MP: 6/6
  5761 | D:4      | Reached XP level 7. HP: 9/55 MP: 7/7
  6200 | D:5      | Reached skill level 1 in Throwing
  7223 | D:6      | Reached skill level 5 in Fighting
  8208 | D:7      | Gained mutation: You regenerate magic rapidly. [demonic
                  | ancestry]
  8208 | D:7      | Reached XP level 8. HP: 6/62 MP: 8/8
 10668 | D:7      | Reached skill level 6 in Fighting
 10929 | D:7      | Found a staircase to the Ecumenical Temple.
 10935 | Temple   | Entered the Ecumenical Temple
 10953 | Temple   | Became a worshipper of Gozag Ym Sagoz the Greedy
 10995 | D:7      | Found a staircase to the Ecumenical Temple.
 11527 | D:8      | Reached skill level 5 in Dodging
 11527 | D:8      | Reached skill level 5 in Evocations
 11702 | D:8      | Slain by an acid dragon

Illustrated notes

Levels and vault maps discovered:
D:1:      wander_arrival_peaceful_grave, layout_loops_ring
D:2:      layout_rooms, serial_bayou, serial_bayou_shore_a,
          serial_bayou_crossing, serial_bayou_ford_a, serial_bayou_pond_b,
          serial_bayou_lagoon_a, serial_shops, nicolae_shop_stone,
          minmay_misc_feat_pillars, minmay_goblin_outpost
D:3:      layout_loops_corners, basic_ecumenical_altar, serial_shops,
          nicolae_shop_stone, minivault_26, uniq_robin
D:4:      layout_basic, serial_corexii_hall, corexii_hall_statues_t,
          chequers_hall_statues_wall_a, corexii_hall_statues_l,
          corexii_hall_statues_u
D:5:      layout_basic, corexii_hall_statues_x, uniq_menkaure
D:6:      layout_cave_pools
D:7:      layout_rooms, temple_statues
D:8:      layout_basic, minmay_between, uniq_maurice
Temple:   roderic_octagonal_lattice_temple

Skill      XL: |  1  2  3  4  5  6  7  8 |
---------------+-------------------------+-----
Dodging        | 2 3 4 5 |  5.0
Evocations     | 1 2 3 4 5 |  5.0
Armour         | 1 2 3 4 |  4.5
Fighting       | 4 5 6 |  6.0
Throwing       | 2 3 |  3.2
Axes           | 2 |  2.3
Stealth        | |  4.5

Action                   |  1- 3 |  4- 6 |  7- 9 || total
-------------------------+-------+-------+-------++-------
Melee: Hand axe          |    79 |    98 |    71 ||   248
       Kick              |    16 |    50 |    60 ||   126
       Punch             |       |     2 |     3 ||     5
       Dagger            |       |    98 |    62 ||   160
       Trident           |       |       |    87 ||    87
Throw: Javelin           |       |     4 |     3 ||     7
Evoke: Wand              |       |     1 |       ||     1
  Use: Scroll            |     1 |     1 |     4 ||     6
       Potion            |     1 |       |     2 ||     3
 Stab: Sleeping          |     1 |     1 |     1 ||     3
Armor: Scale mail        |    44 |    76 |    84 ||   204
Dodge: Dodged            |    41 |   157 |   184 ||   382

Table legend: (Time is in decaauts)
 A = Elapsed time spent in this place.
 B = Non-inter-level travel time spent in this place.
 C = Inter-level travel time spent in this place.
 D = Time resting spent in this place.
 E = Time spent auto-exploring this place.
 F = Levels seen in this place.
 G = Mean time per level.
                   A        B        C        D        E       F      G
               +--------+--------+--------+--------+--------+-----+--------+
         Total |  11817 |  11626 |    191 |   2651 |   7397 |   9 | 1313.0 |
       Dungeon |  11784 |  11607 |    177 |   2651 |   7388 |   8 | 1473.0 |
        Temple |     32 |     18 |     14 |      0 |      9 |   1 |   32.0 |
               +--------+--------+--------+--------+--------+-----+--------+

Top non-repeatable levels by time:
     D:6: 2578 daAuts
     D:4: 2021 daAuts
     D:7: 1862 daAuts
     D:5: 1590 daAuts
     D:3: 1543 daAuts
     D:2: 996 daAuts
     D:1: 846 daAuts
     D:8: 344 daAuts
  Temple: 32 daAuts
